Map: Galactic Process LE

Players

Luke - Winner!

  • Race: Protoss Protoss
  • League: Master

Rakan

  • Race: Terran Terran
  • League: Diamond

VOD

https://www.youtube.com/channel/UCcSgNfDNxvyisU-eCj9xyNg/playlists

Description

Time

  • Played on: Aug. 26, 2016, 11:43 a.m.
  • Length: 10:57
Show
View Real Time Build Order
Export as new Build Order

Luke Protoss - Winner!

Build Orders: 1 Gate Expand, Oracle Opening 

Get SALT Encoding   

  12  0:00  Probe (Chrono Boost)  
  13  0:11  Probe (Chrono Boost)  
  14  0:19  Pylon  
  14  0:24  Probe (Chrono Boost)  
  15  0:38  Probe (Chrono Boost), Gateway  
  16  0:48  Probe (Chrono Boost)  
  17  0:50  Assimilator  
  17  0:59  Probe (Chrono Boost)  
  18  1:09  Probe (Chrono Boost)  
  19  1:20  Probe (Chrono Boost)  
  20  1:27  Nexus  
  20  1:31  Probe (Chrono Boost)  
  21  1:40  Cybernetics Core  
  21  1:44  Probe (Chrono Boost)  
  22  1:51  Pylon  
  22  1:55  Probe (Chrono Boost)  
  22  1:59  Assimilator  
  23  2:09  Probe (Chrono Boost)  
  24  2:18  Adept  
  24  2:20  Mothership Core (Chrono Boost)  
  28  2:23  Warp Gate  
  27  2:51  Probe (Chrono Boost)  
  27  2:53  Probe (Chrono Boost)  
  27  2:54  Adept  
  30  3:04  Stargate  
  31  3:05  Probe (Chrono Boost)  
  31  3:06  Probe (Chrono Boost)  
  31  3:11  Pylon  
  32  3:16  Probe x2 (Chrono Boost)  
  34  3:27  Probe x2 (Chrono Boost)  
  36  3:37  Probe x2 (Chrono Boost)  
  36  3:39  Pylon  
  38  3:43  Gateway  
  38  3:45  Gateway  
  38  3:48  Probe x2 (Chrono Boost)  
  40  3:51  Oracle  
  40  3:54  Assimilator  
  40  3:59  Probe (Chrono Boost)  
  40  4:00  Probe (Chrono Boost)  
  45  4:06  Pylon  
  45  4:09  Probe (Chrono Boost)  
  46  4:11  Assimilator  
  46  4:12  Probe (Chrono Boost)  
  47  4:20  Pylon  
  47  4:22  Twilight Council  
  47  4:23  Probe (Chrono Boost)  
  49  4:24  Probe (Chrono Boost)  
  49  4:28  Phoenix  
  49  4:33  Probe (Chrono Boost)  
  49  4:37  Probe (Chrono Boost)  
  53  4:44  Probe (Chrono Boost)  
  54  4:49  Probe (Chrono Boost)  
  55  4:54  Probe (Chrono Boost)  
  57  5:01  Probe (Chrono Boost), Resonating Glaives  
  57  5:03  Phoenix  
  57  5:05  Probe (Chrono Boost)  
  57  5:13  Probe (Chrono Boost)  
  58  5:15  Probe (Chrono Boost)  
  58  5:16  Nexus  
  59  5:25  Probe (Chrono Boost)  
  59  5:27  Phoenix  
  62  5:36  Adept x3  
  62  5:38  Pylon  
  62  5:42  Robotics Facility  
  70  5:43  Probe (Chrono Boost)  
  70  5:44  Probe (Chrono Boost)  
  70  5:59  Adept x2  
  72  6:07  Phoenix  
  72  6:08  Probe (Chrono Boost)  
  55  6:11  Probe (Chrono Boost)  
  53  6:21  Probe (Chrono Boost)  
  53  6:22  Probe (Chrono Boost)  
  55  6:27  Adept x3  
  55  6:29  Probe (Chrono Boost)  
  55  6:31  Probe (Chrono Boost), Phoenix  
  66  6:32  Probe (Chrono Boost)  
  67  6:40  Probe (Chrono Boost)  
  67  6:42  Probe (Chrono Boost)  
  67  6:43  Probe (Chrono Boost)  
  69  6:49  Sentry x3  
  69  6:50  Probe (Chrono Boost)  
  69  6:53  Probe (Chrono Boost), Phoenix  
  78  6:54  Probe (Chrono Boost)  
  78  6:58  Pylon  
  78  7:01  Probe (Chrono Boost)  
  81  7:04  Probe (Chrono Boost)  
  81  7:06  Probe (Chrono Boost)  
  83  7:12  Adept x2  
  83  7:13  Adept  
  87  7:19  Probe (Chrono Boost), Phoenix  
  87  7:20  Probe (Chrono Boost)  
  90  7:23  Observer  
  92  7:35  Adept x3  
  98  7:51  Observer  
  98  7:52  Probe (Chrono Boost)  
  98  7:59  Adept x3  
  98  8:01  Probe x2 (Chrono Boost)  
  98  8:03  Forge  
  98  8:04  Blink  
  107  8:06  Probe (Chrono Boost), Forge  
  107  8:11  Probe x2 (Chrono Boost)  
  107  8:12  Pylon  
  109  8:26  Pylon  
  109  8:27  Phoenix  
  109  8:28  Assimilator  
  109  8:30  Probe x2 (Chrono Boost), Pylon  
  109  8:32  Probe (Chrono Boost)  
  114  8:34  Assimilator  
  114  8:41  Probe x2 (Chrono Boost)  
  116  8:44  Probe (Chrono Boost)  
  116  8:46  Protoss Ground Weapons Level 1  
  116  8:47  Adept x3  
  123  8:48  Immortal  
  123  8:50  Protoss Ground Armor Level 1  
  128  8:56  Probe (Chrono Boost), Gateway  
  114  9:14  Adept  
  114  9:15  Adept x2  
  118  9:18  Phoenix  
  120  9:29  Gateway x2  
  120  9:36  Probe x2 (Chrono Boost), Adept x3  
  120  9:37  Probe (Chrono Boost), Gateway  
  129  9:40  Gateway  
  127  9:46  Probe x2 (Chrono Boost)  
  127  9:49  Probe (Chrono Boost)  
  124  10:05  Adept x3  
  126  10:12  Phoenix  
  128  10:21  Pylon  
  128  10:23  Pylon, Adept  
  118  10:52  Adept  
  118  10:53  Adept x5  
Show
View Real Time Build Order
Export as new Build Order

Rakan Terran 

Build Orders: Reaper Expand, MMM Bio 

Get SALT Encoding   

  12  0:00  SCV  
  13  0:13  SCV  
  14  0:17  Supply Depot  
  14  0:25  SCV  
  15  0:39  SCV  
  15  0:40  Barracks  
  16  0:45  Refinery  
  16  0:51  SCV  
  17  1:03  SCV  
  18  1:15  SCV  
  19  1:28  Reaper  
  19  1:30  Orbital Command  
  20  1:43  Command Center  
  20  1:56  Barracks  
  20  1:57  SCV  
  21  2:01  Barracks Reactor  
  21  2:11  Refinery, SCV  
  22  2:16  Supply Depot  
  22  2:23  SCV  
  23  2:37  Factory  
  23  2:45  Barracks Tech Lab  
  23  2:47  Marine x2  
  25  2:54  SCV  
  25  2:56  Orbital Command  
  25  3:06  SCV  
  25  3:07  Stimpack, Marine  
  25  3:09  Marine x2  
  29  3:16  Bunker  
  29  3:18  SCV  
  30  3:31  Marine x3  
  30  3:32  Widow Mine, SCV  
  35  3:37  SCV  
  36  3:44  SCV  
  36  3:47  Starport  
  37  3:49  SCV  
  37  3:55  Marine x2  
  40  3:56  Marine  
  40  3:57  SCV  
  40  4:01  SCV  
  43  4:03  Widow Mine  
  43  4:09  SCV  
  46  4:15  SCV  
  47  4:21  SCV, Marine x2  
  47  4:22  Marine  
  51  4:26  Medivac  
  53  4:35  SCV  
  54  4:44  Supply Depot  
  54  4:54  Supply Depot  
  54  4:57  SCV  
  54  5:00  SCV  
  54  5:05  Widow Mine  
  54  5:06  Medivac, Marine x3  
  61  5:09  SCV  
  62  5:16  SCV  
  64  5:21  SCV  
  64  5:24  Marine x3  
  64  5:27  Command Center  
  64  5:28  SCV  
  67  5:33  SCV  
  67  5:39  Combat Shields  
  67  5:40  SCV  
  67  5:41  Marine x2  
  70  5:50  Engineering Bay  
  70  6:00  SCV  
  70  6:03  SCV  
  67  6:07  Marine x3  
  67  6:12  SCV  
  67  6:13  Barracks  
  67  6:14  Barracks  
  67  6:15  SCV  
  67  6:16  Barracks  
  63  6:23  Factory Reactor  
  63  6:24  SCV, Marine x2  
  62  6:25  Marauder  
  62  6:27  SCV  
  63  6:36  Refinery, SCV  
  63  6:37  Refinery  
  63  6:38  Terran Infantry Weapons Level 1  
  63  6:39  SCV  
  65  6:40  Engineering Bay  
  65  6:42  Marine x2  
  65  6:44  SCV  
  65  6:47  Marauder  
  70  6:49  SCV  
  70  6:51  SCV  
  72  6:59  Orbital Command  
  72  7:00  Marine x2  
  72  7:01  SCV  
  75  7:03  Concussive Shells  
  75  7:08  Marauder  
  74  7:13  SCV  
  74  7:15  Barracks Tech Lab  
  74  7:16  Barracks Tech Lab  
  74  7:17  Barracks Tech Lab  
  74  7:18  SCV  
  74  7:22  Marine x2  
  76  7:24  Orbital Command  
  76  7:25  SCV  
  76  7:29  Marauder  
  80  7:30  SCV  
  80  7:37  SCV  
  80  7:42  SCV  
  80  7:43  Marine x2  
  80  7:44  Marauder x2  
  85  7:50  Marine  
  85  7:51  Marine  
  73  7:53  SCV  
  73  7:54  SCV  
  73  7:57  Terran Infantry Armor Level 1  
  73  7:58  Supply Depot  
  75  7:59  Supply Depot  
  75  8:01  Marine x2  
  75  8:02  Armory  
  75  8:04  SCV  
  75  8:05  Marauder x2  
  82  8:08  Marine  
  82  8:09  Marauder  
  83  8:13  SCV  
  83  8:14  SCV  
  83  8:17  Supply Depot  
  83  8:19  Marine x2  
  87  8:20  Medivac x2  
  87  8:21  SCV  
  87  8:26  SCV, Marine, Marauder  
  98  8:27  SCV, Marauder  
  98  8:30  Supply Depot, Marine  
  98  8:33  SCV  
  101  8:37  Marine x2  
  101  8:38  Missile Turret, SCV  
  101  8:40  Missile Turret  
  97  8:41  Missile Turret  
  97  8:42  Missile Turret  
  97  8:43  SCV  
  97  8:45  Missile Turret, SCV  
  97  8:48  Marine  
  99  8:49  Marauder  
  99  8:50  Medivac, SCV  
  99  8:55  SCV  
  105  9:00  SCV  
  106  9:06  SCV  
  106  9:08  Marine  
  106  9:09  SCV, Marine, Marauder x2  
  104  9:14  SCV  
  98  9:19  Marine x2  
  98  9:22  SCV  
  98  9:23  SCV  
  102  9:26  SCV, Marine  
  102  9:28  Supply Depot x2  
  102  9:30  Marauder  
  102  9:31  Marauder, Marine  
  106  9:34  Medivac, SCV  
  106  9:37  Marine, Marauder  
  113  9:44  Marine  
  103  9:52  Marauder, Marine  
  99  9:53  SCV, Marauder  
  99  9:55  Marine  
  99  9:59  Marauder  
  95  10:02  Marine  
  95  10:04  SCV  
  95  10:05  SCV  
  93  10:07  SCV  
  93  10:10  Marine  
  93  10:13  Marauder x2  
  93  10:14  Supply Depot, Marine  
  96  10:17  SCV x2  
  96  10:19  Refinery, Marine  
  96  10:20  Refinery, SCV, Marine  
  99  10:26  Command Center  
  99  10:28  Marine  
  99  10:29  SCV x2  
  99  10:31  Marine  
  99  10:32  SCV  
  99  10:34  Marine  
  99  10:35  Marauder  
  96  10:37  Marine x2  
  91  10:43  SCV  
Tags
 
Add a new tag
Caveats
  • Supply blocks, unpowered buildings, or Contaminate may cause inaccurate times.
  • Supply counts are checked every 10 seconds.